 Dungeon Crawl Stone Soup version bcrawl-1.28.1b (webtiles) character file.

Game seed: 720601564314615161

102573 Adamkad1 the Digger (level 3, -5/26 HPs)
             Began as a Sand Dwarf Earth Elementalist on Dec 16, 2020.
             Killed by divine providence
             ... invoked by an orc priest
              (10 damage)
             ... on level 2 of the Dungeon.
             The game lasted 00:02:09 (1617 turns).

Adamkad1 the Digger (Sand Dwarf Earth Elementalist) Turns: 1617, Time: 00:02:09

Health: -5/26      AC:  2    Str: 12    XL:     3   Next: 62%
Magic:  1/6        EV: 14    Int: 16    God:
Gold:   165        SH:  0    Dex: 11    Spells: 5/6 levels left

rFire    . . .     SeeInvis .     - Fists (3.2)
rCold    . . .     Gourm    .   (shield restricted)
rNeg     . . .     Faith    .   c - +0 robe
rPois    .         Spirit   .   (no helmet)
rElec    .         Reflect  .   (no cloak)
rCorr    .         Harm     .   (no gloves)
MR       .....                  (no boots)
Stlth    ++........             (no amulet)
HPRegen  0.08/turn              (no ring)
MPRegen  0.10/turn              (no ring)

@: very slightly contaminated, slow
A: small, slowness 1, armour attunement
a: no special abilities


You were on level 2 of the Dungeon.
You were hungry.

You visited 1 branch of the dungeon, and saw 3 of its levels.

You collected 165 gold pieces.

Inventory:

Missiles
 b - 172 stones (quivered)
Armour
 c - a +0 robe (worn)
Scrolls
 d - a scroll of magic mapping {unknown}
 f - 2 scrolls of teleportation {unknown}
 h - a scroll of fog {unknown}
 i - a scroll of remove curse {unknown}
 p - a scroll of enchant armour {unknown}
 q - a scroll of identify
Potions
 a - a potion of haste {unknown}
 g - 2 potions of brilliance {unknown}
 j - 2 potions of cancellation {unknown}
 k - a potion of ambrosia {unknown}
 m - a potion of degeneration {unknown}
 n - a potion of curing {unknown}
 o - a potion of invisibility {unknown}
Comestibles
 e - 2 rations {!d}


   Skills:
 + Level 0.4 Armour
 + Level 2.0 Dodging
 + Level 2.0 Stealth
 * Level 2.4 Spellcasting
   Level 0.7 Transmutations
 * Level 4.2 Earth Magic


You had 5 spell levels left.
You knew the following spells:

 Your Spells              Type           Power        Failure   Level  Hunger
a - Sandblast             Erth           ###...       3%          1    None

Your spell library contained the following spells:

 Spells                   Type           Power        Failure   Level  Hunger
 Passwall                 Tmut/Erth      #.......     11%         2    ##.....
 Stone Arrow              Conj/Erth      #.....       26%         3    ####...
 Petrify                  Tmut/Erth      #.........   56%         4    ######.
 Lee's Rapid Deconstruct  Erth           ###.......   67%         5    #######


Dungeon Overview and Level Annotations

Branches:
Dungeon (3/12)

Altars:
Makhleb
Vehumet
Wu Jian
Zin


Innate Abilities, Weirdness & Mutations

You are small and have problems with some larger weapons.
You cover ground slowly.
Armour does not affect your spellcasting.


Message History

Unknown command.
You hit the orc priest but do no damage.
The orc priest is moderately wounded.
The orc priest hits you.
* * * LOW HITPOINT WARNING * * *
The leopard gecko barely misses you.
You closely miss the orc priest.
The orc priest is moderately wounded.
The orc priest hits you.
* * * LOW HITPOINT WARNING * * *
The leopard gecko bites you but does no damage.
You barely miss the orc priest.
The orc priest is moderately wounded.
The orc priest closely misses you.
The leopard gecko completely misses you.
You barely miss the orc priest.
The orc priest is moderately wounded.
The orc priest mumbles some strange prayers to Beogh against you.
Beogh smites you!
You die...

#.### #.##....#### #.#..##
#.#########..........#####.#....
#.#8.._##.........##..........<.
#.#....####.##).##########......
#.'....# #.##..# ##.####
###..### #.##..# #.# #8.#A#
#.##..# #.# #########.##.l# #.#
### #...##.@## #.# #.#
####....o# #.# #.# #.#[..#######
#.# ######.# #.#.........####.#
#......######.##>.#####......#
..................# ########
###################


You could see an orc priest and a leopard gecko.

Vanquished Creatures
  2 oozes (D:2)
  A worm (D:2)
  A dart slug (D:1)
  3 leopard geckos
  A giant cockroach (D:1)
  A goblin (D:1)
  4 hobgoblins
  3 jackals (D:1)
  7 kobolds
  A ball python (D:1)
  3 rats
27 creatures vanquished.

Vanquished Creatures (others)
  An orc (D:3)
1 creature vanquished.

Grand Total: 28 creatures vanquished

Notes
Turn   | Place    | Note
-------+----------+-------------------------------------------
     0 | D:1      | Adamkad1 the Sand Dwarf Earth Elementalist began the quest
                  | for the Orb.
     0 | D:1      | Reached XP level 1. HP: 14/14 MP: 3/3
   282 | D:1      | Reached XP level 2. HP: 20/20 MP: 3/5
   855 | D:2      | Found a radiant altar of Vehumet.
   856 | D:2      | Found a burning altar of Makhleb.
   862 | D:2      | Reached skill level 4 in Earth Magic
   891 | D:2      | Reached XP level 3. HP: 26/26 MP: 2/6
  1053 | D:2      | Found an ornate altar of the Wu Jian Council.
  1354 | D:2      | Noticed an angel
  1355 | D:2      | Found a glowing silver altar of Zin.
  1564 | D:3      | Noticed a scorpion
  1617 | D:2      | Killed from afar by an orc priest

Skill      XL: |  1  2  3 |
---------------+----------+-----
Earth Magic    | 4 |  4.2
Dodging        | 2 |  2.0
Stealth        | 2 |  2.0
Armour         | |  0.4
Spellcasting   | |  2.4
Transmutations | |  0.7

Action                   || total
-------------------------++-------
Melee: Unarmed           ||     6
 Cast: Sandblast         ||    41
  Eat: Chunk             ||     3
Armor: Robe              ||     4
Dodge: Dodged            ||    31
